 Dungeon Crawl Stone Soup version 0.14-a0-102-g2341383 (console) character file.

236 Kellhus the Ruinous (level 4, 0/22 HPs)
             Began as a Gargoyle Wizard on Oct 2, 2013.
             Killed by divine providence
             ... invoked by an orc priest
              (15 damage)
             ... on Level 3 of the Dungeon.
             The game lasted 00:03:15 (2922 turns).

Kellhus the Ruinous (Gargoyle Wizard)               Turns: 2922, Time: 00:03:15

HP   0/22        AC 11     Str 10      XL: 4   Next: 77%
MP   9/11        EV 11     Int 20      God:
Gold 134         SH  0     Dex  8      Spells:  1 memorised,  8 levels left

Res.Fire  : . . .   See Invis. : .   m - +0 mace (protect)
Res.Cold  : . . .   Warding    : .   a - +0 robe
Life Prot.: + . .   Conserve   : .   (no shield)
Res.Poison: +       Res.Corr.  : .   b - +0 wizard hat
Res.Elec. : +       Clarity    : .   l - +0 cloak
Sust.Abil.: . .     Spirit.Shd : .   (no gloves)
Res.Mut.  : .       Stasis     : .   (no boots)
Res.Rott. : +       Flight     : .   (no amulet)
Saprovore : . . .                    (no ring)
                                     (no ring)

@: slightly resistant to hostile enchantments, unstealthy
A: fangs 1, talons 2, life protection 1, electricity resistance, slow metabolism
1, unbreathing, petrification resistance, AC +3
a: no special abilities


You were on level 3 of the Dungeon.
You were hungry.

You visited 1 branch of the dungeon, and saw 3 of its levels.

You collected 114 gold pieces.

Inventory:

Hand weapons
 m - a +0,+0 mace of protection (weapon)
Armour
 a - a +0 robe (worn)
 b - a +0 wizard hat (worn)
 l - a +0 cloak (worn)
Comestibles
 d - 2 bread rations
Scrolls
 e - a scroll of blinking {unknown}
 f - 3 scrolls of teleportation {unknown}
 g - 2 scrolls of identify {unknown}
 i - 4 scrolls of recharging {unknown}
 j - 2 scrolls of remove curse {unknown}
 n - a scroll of magic mapping {unknown}
 o - 2 scrolls of noise {unknown}
 p - a scroll of fog {unknown}
Potions
 h - a potion of restore abilities {unknown}
 k - 2 potions of poison {unknown}
 q - 2 potions of brilliance {unknown}
 r - 2 potions of cure mutation {unknown}
 s - 2 potions of might {unknown}
 t - a potion of curing {unknown}
 u - a potion of slowing {unknown}
Books
 c - a book of Minor Magic

   Spells                             Type                      Level
   *Magic Dart                        Conjuration                  1
   Blink                              Translocation                2
   Call Imp                           Summoning                    2
   Repel Missiles                     Charms/Air                   2
   Slow                               Hexes                        2
   Conjure Flame                      Conjuration/Fire             3
   Mephitic Cloud                     Conjuration/Poison/Air       3


   Skills:
 - Level 1.5 Dodging
 - Level 2.1 Stealth
 - Level 3.0 Spellcasting
 + Level 4.8 Conjurations
   Level 0.8 Summonings
   Level 0.8 Translocations


You had 8 spell levels left.
You knew the following spells:

 Your Spells              Type           Power        Failure   Level  Hunger
a - Magic Dart            Conj           ###.         1%          1    None


Dungeon Overview and Level Annotations

Branches:
Dungeon (3/27)

Altars:


Innate Abilities, Weirdness & Mutations

You are resistant to torment.
You are immune to poison.
Your stone body is very resilient (AC +3).
You have very sharp teeth.
You have razor-sharp toenails.
You resist negative energy.
You are resistant to electric shocks.
You have a slow metabolism.
You can survive without breathing.
You are immune to petrification.


Message History

The orc is severely wounded.
Casting: Magic Dart
Confirm with . or Enter, or press ? or * to list all spells.
Aiming: Magic Dart
Press: ? - help, Shift-Dir - straight line, f/p - orc
Aim: an orc, wielding an orcish short sword (severely wounded)
The magic dart hits the orc.
You kill the orc!
Casting: Magic Dart
Confirm with . or Enter, or press ? or * to list all spells.
You can't see any susceptible monsters within range! (Use Z to cast anyway.)
u - a black potion A goblin and an orc priest come into view.
The orc priest shouts!
The orc priest mumbles some strange prayers to Beogh against you.
Something smites you!
The orc priest calls down the wrath of Beogh upon you.
Something smites you!
Ouch! That really hurt!
You die...

..g.. ..o
.#######.#
#........#
#........#
#........########
#................
#..........######
#.......@..##
########.....####
.................
########.#.#.####
#..<#.#.#
#.#.#...#
#.#.#.). #
#...... ###. .


You could see an orc priest and a goblin.

Vanquished Creatures
  2 adders (D:2)
  A giant mite (D:2)
  3 worms
  An ooze (D:2)
  An orc (D:3)
  10 bats
  5 giant cockroaches
  7 goblins
  6 hobgoblins
  4 jackals
  A giant gecko (D:2)
  3 giant newts
  5 kobolds
  12 rats
61 creatures vanquished.

Notes
Turn   | Place    | Note
--------------------------------------------------------------
     0 | D:1      | Kellhus, the Gargoyle Wizard, began the quest for the Orb.
     0 | D:1      | Reached XP level 1. HP: 8/8 MP: 5/5
   243 | D:1      | Reached XP level 2. HP: 9/13 MP: 2/7
  1129 | D:1      | Reached XP level 3. HP: 17/17 MP: 0/9
  1873 | D:2      | Reached skill level 4 in Conjurations
  1882 | D:2      | Reached XP level 4. HP: 20/22 MP: 2/11
  2922 | D:3      | Killed from afar by an orc priest

Action                   |  1- 3 |  4- 6 || total
-------------------------+-------+-------++-------
Melee: Unarmed           |    29 |       ||    29
       Mace              |     3 |     4 ||     7
 Cast: Magic Dart        |    95 |    66 ||   161
